 Dungeon Crawl Stone Soup version 0.30.0 (webtiles) character file.

Game seed: 16522934053161012665

64230 SnakkuSnakku7 the Basher (level 14, 0/121 HPs)
             Began as a Yellow Draconian Cinder Acolyte on May 6, 2023.
             Was a High Priest of Ignis.
             Killed by divine providence
             ... invoked by an orc priest
              (11 damage)
             ... on level 2 of the Orcish Mines.
             The game lasted 00:37:34 (23502 turns).

SnakkuSnakku7 the Basher (DrCA)                    Turns: 23502, Time: 00:37:34

Health: 0/121      AC: 25    Str: 19    XL:     14   Next: 71%
Magic:  15/15      EV: 14    Int: 18    God:    Ignis [*****.]
Gold:   2075       SH: 16    Dex: 12    Spells: 15/15 levels left

rFire   + + .        a - +1 flail (protect)
rCold   x . .        Q - +0 tower shield
rNeg    . . .        (body armour unavailable)
rPois   .            (helmet restricted)
rElec   .            Y - +0 cloak
rCorr   +            J - +1 pair of gloves {Str+3}
SInv    .            q - +2 pair of boots
Will    +....        Z - amulet of regeneration
Stlth   ++           s - ring "Daosiemn" {Fire Int+3 Slay+5 Stlth+}
HPRegen 1.20/turn    b - +4 ring of protection
MPRegen 0.14/turn

%: no passive effects
@: about to teleport, short of breath, under a protective aura
A: spit acid, AC +8, unfitting armour, acidic bite, cold-blooded, acid
resistance
a: Breathe Acid, Renounce Religion, Fiery Armour, Foxfire Swarm, Rising Flame


You were on level 2 of the Orcish Mines.
You worshipped Ignis.
Ignis was extremely pleased with you.
You visited 3 branches of the dungeon, and saw 19 of its levels.

You collected 2257 gold pieces.
You spent 182 gold pieces at shops.

Inventory:

Hand Weapons
 a - a +1 flail of protection (weapon)
 V - a -2 demon whip of venom
Missiles
 f - 12 silver javelins (quivered)
 L - 5 curare-tipped darts
 O - 2 throwing nets
Armour
 q - a +2 pair of boots (worn)
 J - a +1 pair of gloves of strength (worn)
 Q - a +0 tower shield (worn)
 Y - a +0 cloak (worn)
Jewellery
 b - a +4 ring of protection (right hand)
 s - the ring "Daosiemn" (left hand) {Fire Int+3 Slay+5 Stlth+}
   (You found it on level 1 of the Lair of Beasts)

   [ring of fire]

   It enhances your fire magic.
   Int:       It affects your intelligence (+3).
   Slay:      It affects your accuracy & damage with ranged weapons and melee
   (+5).
   rF:        It protects you from fire.
   rC:        It makes you vulnerable to cold.
   Stlth:     It makes you more stealthy.
 v - the ring of Xipn {rPois Will+ Str-2 Stlth+}
   (You found it on level 12 of the Dungeon)

   [ring of poison resistance]

   Str:       It affects your strength (-2).
   rPois:     It protects you from poison.
   Will:      It increases your willpower.
   Stlth:     It makes you more stealthy.
 K - a ring of flight
 P - a +6 ring of dexterity
 U - a ring of ice
 Z - an amulet of regeneration (around neck)
Wands
 j - a wand of paralysis (16)
 G - a wand of flame (34)
 N - a wand of digging (3)
 S - a wand of mindburst (7)
 T - a wand of iceblast (8)
Scrolls
 g - 2 scrolls of poison
 i - 6 scrolls of teleportation
 k - 3 scrolls of vulnerability
 l - a scroll of fear
 m - 5 scrolls of identify
 o - a scroll of fog
 r - a scroll of silence
 t - 3 scrolls of immolation
 x - a scroll of brand weapon
 B - 4 scrolls of magic mapping
 R - a scroll of enchant weapon
 W - 3 scrolls of blinking
Potions
 d - a potion of cancellation
 e - 5 potions of curing
 n - 2 potions of might
 p - 8 potions of mutation
 u - 2 potions of brilliance
 w - 3 potions of magic
 z - 4 potions of attraction
 A - 3 potions of invisibility
 C - 4 potions of haste
 D - a potion of ambrosia
 I - 2 potions of flight
Miscellaneous
 c - a lightning rod (4/4)
 X - a condenser vane


   Skills:
 - Level 10.0 Fighting
 - Level 14.0 Maces & Flails
 - Level 10.0 Throwing
 - Level 10.0 Dodging
 + Level 11.2 Shields
 - Level 1.0 Spellcasting
 - Level 3.0 Fire Magic
 - Level 10.0 Evocations


You had 15 spell levels left.
You didn't know any spells.
Your spell library contained the following spells:

 Spells                   Type           Power      Damage    Failure   Level
 Scorch                   Fire           34%        2d6       34%         2
 Kiss of Death            Conj/Necr      0%         2d5       63%         1
 Slow                     Hex            0%         N/A       63%         1
 Sting                    Tmut/Pois      0%         1d3       63%         1
 Poisonous Vapours        Pois/Air       0%         N/A       77%         2
 Volatile Blastmotes      Fire/Tloc      18%        2d11      78%         3
 Confusing Touch          Hex            0%         N/A       94%         3
 Dazzling Flash           Conj/Hex       0%         N/A       94%         3
 Gell's Gravitas          Tloc           0%         N/A       94%         3
 Mephitic Cloud           Conj/Pois/Air  0%         N/A       94%         3
 Ozocubu's Armour         Ice            0%         N/A       94%         3
 Summon Guardian Golem    Hex/Summ       0%         N/A       94%         3
 Teleport Other           Tloc           0%         N/A       94%         3
 Vampiric Draining        Necr           0%         2d6       94%         3
 Dispel Undead            Necr           0%         3d6       100%        4
 Iskenderun's Mystic Bla  Conj/Tloc      0%         2d3       100%        4
 Olgreb's Toxic Radiance  Pois           0%         N/A       100%        4
 Freezing Cloud           Conj/Ice/Air   0%         6-21      100%        5
 Dispersal                Tloc           0%         N/A       100%        6
 Simulacrum               Ice/Necr       0%         N/A       100%        6
 Starburst                Conj/Fire      4%         6d4       100%        6
 Orb of Destruction       Conj           0%         9d5       100%        7
 Ozocubu's Refrigeration  Ice            0%         4d7       100%        7
 Spellforged Servitor     Conj/Summ      0%         N/A       100%        7
 Polar Vortex             Ice            0%         N/A       100%        9


Dungeon Overview and Level Annotations

Branches:
Dungeon (12/15)            Temple (0/1) D:5            Lair (5/5) D:8
 Shoals (0/4) Lair:3       Spider (0/4) Lair:2        Slime (0/5) Lair:4
    Orc (2/2) D:9             Elf (0/3) Orc:2

Altars:
Fedhas
Hepliaklqana
Makhleb
Okawaru
Ru
Sif Muna
Trog
Uskayaw
Vehumet
Jiyva

Shops:
D:1 [   D:2 *   D:9 (   D:11 :*   Orc:1 :

Portals:
Trove: D:11 (give 2 scrolls of acquirement)

Annotations:
Orc:2 3 exclusions


Innate Abilities, Weirdness & Mutations

You can spit globs of acid.
Your golden yellow scales are hard. (AC +8)
You cannot fit into any form of body armour.
You have acidic saliva.
You are cold-blooded and may be slowed by cold attacks.
You are resistant to acid. (rCorr)


Message History

Unknown command.
You hit the sixfirhy.
The sixfirhy is severely wounded.
You block the sixfirhy's attack. The sixfirhy hits you.
The sixfirhy shocks you! You block the orc warrior's attack.
The orc priest looks braver for a moment.
The orc priest calls upon Beogh to heal the orc.
The orc's wounds heal themselves!
You are too injured to fight recklessly!
You are too injured to fight recklessly!
Unknown command.
Unknown command.
You are too injured to fight recklessly!
You barely miss the sixfirhy. Your bite misses the sixfirhy.
The sixfirhy is severely wounded.
The orc priest calls down the wrath of Beogh upon you.
Beogh smites you!
The orc warrior hits you with a +2 flail of protection.
* * * LOW HITPOINT WARNING * * *
Unknown command.
You barely miss the sixfirhy.
The sixfirhy is severely wounded.
Unknown command.
As you read the scroll of teleportation, it crumbles to dust.
You feel strangely unstable. You block the sixfirhy's attack.
The sixfirhy hits you but does no damage.
The orc warrior completely misses you. The orc priest closely misses you.
The sixfirhy hits you.
* * * LOW HITPOINT WARNING * * *
The sixfirhy shocks you!
* * * LOW HITPOINT WARNING * * *
The orc priest attacks as you move away!
You block the orc priest's attack. You block the sixfirhy's attack.
The sixfirhy closely misses you. The sixfirhy hits you.
* * * LOW HITPOINT WARNING * * *
The sixfirhy shocks you!
* * * LOW HITPOINT WARNING * * *
The orc priest mumbles some strange prayers to Beogh against you.
Beogh smites you!
You die...

#
..###...........##..#....#
...###..................##
...###................##.
..o###..................
#..###.................
#oo###..[.............
#o.###...............
#o3###..>..........#
##o@##[.............
##..)).............
##.)..............
##.).............
##.#.......##...
##...........###.
##.........#.###..
##.............###.
##...#...........##.


You could see an orc knight, a sixfirhy (corroded), 2 orc warriors, 2 orc
priests and an orc (corroded).

Vanquished Creatures
  Snorg (Orc:1)
  Josephine (D:10)
  2 hydras
  4 catoblepae (Lair:5)
  2 boulder beetles
  3 centaur warriors (D:10)
  4 two-headed ogres
  The ghost of platinum the Fighter, a novice DsHW of Kikubaaqudgha (D:10)
  A tengu warrior (D:10)
  10 death yaks (Lair:5)
  2 orc high priests
  Nergalle (D:10)
  Amaemon (Lair:3)
  Sonja (Lair:5)
  A skeletal warrior (D:10)
  4 skysharks
  A lindwurm (Lair:4)
  An orc knight (D:10)
  3 ugly things
  A cyclops (D:10)
  3 manticores
  5 elephants (Lair:5)
  A moth of wrath (D:10)
  Joseph (D:10)
  7 black mambas
  13 cane toads
  An orange demon (Lair:5)
  A torpor snail (Lair:5)
  3 rime drakes
  7 komodo dragons
  An unseen horror (D:12)
  A kobold demonologist (D:11)
  8 trolls
  A meliai (D:10)
  A wind drake (Lair:3)
  4 polar bears
  7 blink frogs
  4 dream sheep (Lair:5)
  6 slime creatures (D:12)
  A shadow (D:10)
  5 wyverns
  7 wraiths
  A basilisk (Lair:4)
  46 yaks
  A vampire (D:12)
  7 vampire mosquitoes (D:12)
  A steam dragon (D:9)
  4 acid dragons
  2 wargs
  21 water moccasins
  18 orc warriors
  A sky beast (D:8)
  7 ice beasts
  The ghost of GloriousHammer the Grasshopper, an amateur AtWr (D:4)
  A black bear (Lair:3)
  14 wolves
  3 centaurs
  3 kobold brigands
  15 bullfrogs
  A wyvern zombie (D:4)
  3 scorpions
  8 wights
  6 howler monkeys
  3 electric eels (D:6)
  A jelly (D:4)
  17 orc priests
  2 gnoll boudas
  2 hounds
  2 bullfrog skeletons (D:4)
  An iguana (D:5)
  23 orc wizards
  A sleepcap (D:6)
  Terence (D:2)
  Natasha (thrice) (D:4)
  A killer bee zombie (D:4)
  A howler monkey zombie (D:4)
  Robin (D:3)
  13 gnolls
  8 adders
  2 white imps (D:7)
  2 ufetubi
  2 worms
  3 dart slugs
  85 orcs
  13 ball pythons
  6 endoplasms
  6 giant cockroaches
  17 goblins
  13 hobgoblins
  4 jackals (D:4)
  28 kobolds
  7 quokkas
  7 bats
  A frilled lizard (D:3)
  8 rats
581 creatures vanquished.

Vanquished Creatures (others)
  A kobold brigand (D:8)
  30 fungi
  25 plants
56 creatures vanquished.

Grand Total: 637 creatures vanquished

Notes
Turn   | Place    | Note
-------+----------+-------------------------------------------
     0 | D:1      | SnakkuSnakku7 the Draconian Cinder Acolyte began the quest
                  | for the Orb.
     0 | D:1      | Reached XP level 1. HP: 19/19 MP: 2/2
    91 | D:1      | Reached XP level 2. HP: 24/26 MP: 3/3
   107 | D:1      | Found Riwecesa's Armour Boutique.
   169 | D:1      | Reached skill level 1 in Shields
   430 | D:1      | Reached XP level 3. HP: 30/31 MP: 4/4
   670 | D:2      | Identified the ring of Patience {rCorr MP+9}
   794 | D:2      | Found a faded altar of an unknown god.
  1060 | D:2      | Reached skill level 4 in Maces & Flails
  1069 | D:2      | Reached XP level 4. HP: 29/38 MP: 5/5
  1325 | D:2      | Found Oxkithom's Assorted Antiques.
  1584 | D:2      | Bought a runed flail for 143 gold pieces
  1618 | D:3      | Noticed Terence
  1632 | D:2      | Killed Terence
  2236 | D:3      | Reached XP level 5. HP: 45/45 MP: 6/6
  2535 | D:2      | Bought 2 murky white potions for 39 gold pieces
  2580 | D:4      | Noticed Robin
  2664 | D:3      | Killed Robin
  2665 | D:3      | Reached skill level 5 in Maces & Flails
  2824 | D:4      | Reached XP level 6. HP: 46/51 MP: 7/7
  2856 | D:4      | Noticed Natasha
  2877 | D:5      | Entered Level 5 of the Dungeon
  3025 | D:4      | Killed Natasha
  3410 | D:4      | Found a bloodstained altar of Trog.
  3422 | D:4      | Found a runed translucent gate.
  3425 | D:4      | Found a runed translucent gate.
  3425 | D:4      | Found a runed translucent gate.
  3428 | D:4      | Noticed GloriousHammer's ghost (amateur AtWr)
  3450 | D:4      | Found a hide-covered altar of Uskayaw.
  3450 | D:4      | Found a radiant altar of Vehumet.
  3451 | D:4      | Found a hazy altar of Hepliaklqana.
  3453 | D:4      | Found a blossoming altar of Fedhas.
  3456 | D:4      | Found an iron altar of Okawaru.
  3457 | D:4      | Found a burning altar of Makhleb.
  3475 | D:4      | Noticed Natasha
  3484 | D:4      | Killed Natasha
  3603 | D:4      | Noticed Natasha
  3616 | D:4      | Killed Natasha
  3772 | D:5      | Reached skill level 6 in Maces & Flails
  3772 | D:5      | Reached skill level 5 in Shields
  3772 | D:5      | Your scales start taking on a golden yellow colour.
  3772 | D:5      | Reached XP level 7. HP: 57/57 MP: 8/8
  3772 | D:5      | Gained mutation: You are resistant to acid. (rCorr) [Yellow
                  | Draconian growth]
  3944 | D:5      | Found a staircase to the Ecumenical Temple.
  4240 | D:5      | Reached skill level 7 in Maces & Flails
  4804 | D:6      | Found a transporter.
  4978 | D:6      | Found a transporter.
  5015 | D:6      | Reached XP level 8. HP: 47/63 MP: 9/9
  5336 | D:6      | Found a sacrificial altar of Ru.
  6214 | D:6      | Reached skill level 8 in Maces & Flails
  6633 | D:4      | Killed GloriousHammer's ghost
  6839 | D:7      | Reached XP level 9. HP: 62/70 MP: 10/10
  6931 | D:7      | Reached skill level 9 in Maces & Flails
  7352 | D:8      | Noticed a rime drake
  7545 | D:8      | Found a staircase to the Lair.
  7554 | Lair:1   | Entered Level 1 of the Lair of Beasts
  7566 | Lair:1   | Reached skill level 10 in Maces & Flails
  7648 | D:8      | Killed a rime drake
  7649 | D:8      | Reached skill level 10 in Shields
  7977 | D:8      | Reached XP level 10. HP: 74/77 MP: 11/11
  8822 | D:9      | Found a staircase to the Orcish Mines.
  8889 | D:9      | Reached skill level 11 in Maces & Flails
  9216 | D:9      | Identified the +3 robe "Posmaod" {rC+ Will- Int+2}
  9562 | D:9      | Found Vacakeurph's Weapon Shop.
  9856 | D:10     | Entered Level 10 of the Dungeon
  9913 | D:10     | Reached skill level 5 in Fighting
  9913 | D:10     | Reached skill level 12 in Maces & Flails
 10069 | D:10     | Noticed a two-headed ogre
 10069 | D:10     | Noticed a moth of wrath
 10074 | D:10     | Noticed platinum's ghost (novice DsHW)
 10074 | D:10     | Noticed a two-headed ogre
 10084 | D:10     | Found a transporter.
 10085 | D:10     | Found a bloodstained altar of Trog.
 10092 | D:10     | Found a transporter.
 10112 | D:10     | Noticed a tengu warrior
 10171 | D:10     | You fall into a shaft and drop 2 floors!
 10218 | D:12     | Noticed a boulder beetle
 10388 | D:12     | Noticed a white ugly thing
 10414 | D:12     | Killed a white ugly thing
 10415 | D:12     | Reached XP level 11. HP: 45/89 MP: 12/12
 10626 | D:10     | Noticed Joseph
 10644 | D:10     | Killed Joseph
 10962 | D:10     | Noticed Nergalle
 10978 | D:10     | Killed Nergalle
 11225 | D:10     | Noticed a two-headed ogre
 11237 | D:10     | Killed a two-headed ogre
 11391 | D:10     | Noticed a boulder beetle
 11413 | D:10     | Killed a boulder beetle
 11414 | D:10     | Reached skill level 13 in Maces & Flails
 11504 | D:10     | Noticed a centaur warrior
 11510 | D:10     | Killed a centaur warrior
 11517 | D:10     | Noticed a centaur warrior
 11518 | D:10     | Noticed a purple ugly thing
 11536 | D:10     | Noticed a green ugly thing
 11543 | D:10     | Killed a green ugly thing
 11552 | D:10     | Noticed an orc knight
 11558 | D:10     | Killed a green ugly thing
 11577 | D:10     | Killed a centaur warrior
 11811 | D:10     | Noticed a skeletal warrior
 11825 | D:10     | Noticed a centaur warrior
 12143 | D:10     | Killed an orc knight
 12581 | D:10     | Noticed Josephine
 12620 | D:10     | Killed Josephine
 12656 | D:10     | Reached skill level 14 in Maces & Flails
 12675 | D:10     | Reached skill level 10 in Fighting
 13009 | D:10     | Killed a centaur warrior
 13010 | D:10     | Reached XP level 12. HP: 101/106 MP: 13/13
 13396 | Lair:1   | Identified the ring "Daosiemn" {Fire Int+3 Slay+5 Stlth+}
 13977 | Lair:1   | Reached skill level 5 in Evocations
 14490 | Lair:2   | Found a hole to the Spider Nest.
 15575 | Lair:3   | Found a staircase to the Shoals.
 16141 | Lair:3   | Noticed a seven-headed hydra
 16144 | Lair:3   | Noticed Amaemon
 16154 | Lair:3   | Killed a seven-headed hydra
 16155 | Lair:3   | Reached skill level 10 in Evocations
 16155 | Lair:3   | Reached skill level 1 in Dodging
 16166 | Lair:3   | Killed Amaemon
 16683 | Lair:4   | Reached XP level 13. HP: 80/113 MP: 14/14
 17178 | Lair:4   | Found a viscous altar of Jiyva.
 17179 | Lair:4   | Found a staircase to the Slime Pits.
 17675 | Lair:5   | Entered Level 5 of the Lair of Beasts
 17692 | Lair:5   | Reached skill level 5 in Dodging
 18826 | Lair:5   | Noticed Sonja
 18833 | Lair:5   | Killed Sonja
 19072 | Lair:5   | Reached skill level 10 in Dodging
 19072 | Lair:5   | Reached skill level 1 in Throwing
 19415 | Lair:5   | Gained mutation: You have acidic saliva. [Yellow Draconian
                  | growth]
 19415 | Lair:5   | Reached XP level 14. HP: 47/121 MP: 15/15
 19505 | Lair:5   | Reached skill level 5 in Throwing
 20582 | D:10     | Killed platinum's ghost
 20892 | D:11     | Found Reutyfra's Mayhem Merchandise.
 21030 | D:11     | Found Nam Nipe's Book Shoppe.
 21428 | D:11     | Found a portal to a secret trove of treasure.
 21524 | D:12     | Identified the ring of Xipn {rPois Will+ Str-2 Stlth+}
 22072 | Orc:1    | Entered Level 1 of the Orcish Mines
 22072 | Orc:1    | Found Siot's Book Boutique.
 22250 | Orc:1    | Found a shimmering blue altar of Sif Muna.
 22320 | Orc:2    | Entered Level 2 of the Orcish Mines
 22645 | Orc:1    | Noticed Snorg
 22930 | Orc:2    | Found a staircase to the Elven Halls.
 23211 | Orc:1    | Killed Snorg
 23212 | Orc:1    | Reached skill level 10 in Throwing
 23502 | Orc:2    | Killed from afar by an orc priest

Illustrated notes

Levels and vault maps discovered:
D:1:      dpeg_arrival_lava_temple_mockup, layout_basic, serial_shops,
          nicolae_shop_window_shopping
D:2:      layout_basic, serial_shops, shop, shapermc_ecumenical_altar_ellora,
          minmay_split_cup_small
D:3:      minmay_skewed_foursquare, layout_basic, minmay_surrounded,
          uniq_terence
D:4:      layout_rooms, minitemple, gammafunk_ghost_necromancy,
          grunt_decor_junction, uniq_natasha, uniq_robin
D:5:      layout_basic, temple_fountains, minmay_a_box_with_orc_wizards_in_it
D:6:      gammafunk_steamed_eel, layout_cave_pods, kennysheep_little_box
D:7:      layout_cave_pools, kennysheep_generic_room_5
D:8:      layout_loops_ring, hellmonk_lair_entry_icy, serial_co_window_serial,
          co_window_corner_a, co_window_paths_b, co_window_paths_a,
          co_window_paths_b, co_window_paths_a, co_window_corner_cb,
          co_window_of_opportunity_c, co_window_corner_b, co_window_corner_b,
          co_window_2corner, co_window_broadway_c, co_window_unsneaky_path_d
D:9:      layout_basic, david_orc_1_choice, serial_shops, shop,
          minmay_misc_feat_more_columns
D:10:     hangedman_cross_veins, layout_irregular_city,
          gammafunk_ghost_wrathful_warriors, uniq_nergalle, uniq_joseph,
          uniq_josephine
D:11:     layout_loops_ring, trove_entry_hex_spiral, serial_shops,
          nicolae_shop_real_fake_doors, minmay_shop_mayhem
D:12:     layout_roguey
Lair:1:   layout_gridlike
Lair:2:   layout_concentric_octagons, dummy_spider_entry, st_stairs_10,
          grunt_megastairs_4, infiniplex_staircase_pool_2
Lair:3:   layout_cave_pods, minmay_shoals_entry_beasts, uniq_amaemon
Lair:4:   layout_gridlike, slime_entry_1
Lair:5:   evilmike_catoblepas_cave, layout_layer_cave, grunt_megastairs_3,
          uniq_sonja
Orc:1:    layout_caves, serial_shops, shop, led_sif_book, uniq_snorg
Orc:2:    pf_orc_diabolical, layout_caves, basic_altar, uniq_urug

Skill      XL: |  1  2  3  4  5  6  7  8  9 10 11 12 13 14 |
---------------+-------------------------------------------+-----
Shields        | 1 2 3 4 5 6 8 10 11 | 11.2
Maces & Flails | 4 5 6 7 8 10 12 14 | 14.0
Fighting       | 6 10 | 10.0
Evocations     | 2 10 | 10.0
Dodging        | 3 10 | 10.0
Throwing       | 4 10 | 10.0
Spellcasting   | |  1.0
Fire Magic     | |  3.0

Action                     |  1- 3 |  4- 6 |  7- 9 | 10-12 | 13-15 || total
---------------------------+-------+-------+-------+-------+-------++-------
  Melee: Mace              |   138 |     4 |       |       |       ||   142
         Tailslap          |    13 |    25 |    70 |   180 |   229 ||   517
         Flail             |       |   291 |   553 |   971 |  1121 ||  2936
         Bite              |       |       |       |       |    96 ||    96
  Throw: Dart              |       |       |       |    15 |     1 ||    16
         Javelin           |       |       |       |     2 |     9 ||    11
Ability: Breathe Acid      |       |       |     4 |    18 |     4 ||    26
  Evoke: Wand              |       |       |     7 |     7 |     4 ||    18
         Condenser vane    |       |       |       |       |     1 ||     1
    Use: Scroll            |       |       |    15 |    19 |     7 ||    41
         Potion            |       |       |       |     7 |     1 ||     8
   Stab: Sleeping          |       |     2 |       |     4 |     4 ||    10
         Paralysed         |       |       |       |       |     2 ||     2
         Distracted        |       |       |       |       |     1 ||     1
 Armour: Skin              |    60 |   183 |   239 |   266 |   454 ||  1202
  Dodge: Dodged            |    96 |   214 |   187 |   195 |   444 ||  1136
  Block: Kite shield       |       |     1 |   395 |   203 |       ||   599
         Reflection        |       |       |    11 |    26 |       ||    37
         Tower shield      |       |       |       |   801 |  1047 ||  1848
